[Event "Titled Tuesday Blitz August 08 Early 2023"]
[White "Ibadov, Dashgyn"]
[Black "Hrescak, Ivana"]
[WhiteFideId "24107514"]
[BlackFideId "14613441"]
[WhiteElo "2569"]
[BlackElo "2204"]
[Result "0-1"]
[Round "1"]
[TimeControl "180+1"]
[Date "2023.08.08"]
[WhiteClock "0:00:13"]
[BlackClock "0:01:45"]
[Board "226"]

1. e4 e5 2. Nf3 Nc6 3. d4 exd4 4. Nxd4 Nf6 5. Nxc6 bxc6 6. e5 Qe7 7. Qe2 Nd5 8. c4 Nb6 9. Nc3 Bb7 10. Bd2 O-O-O 11. O-O-O g6 12. f4 Bg7 13. g3 Rhe8 14. Bg2 f6 15. Qf2 fxe5 16. c5 Nc4 17. Rhe1 Qf7 18. Re4 exf4 19. Rxf4 Qg8 20. Rf7 Nxd2 21. Rxd2 Bh6 22. Ne4 Bxd2+ 23. Kxd2 Rf8 24. Rxf8 Rxf8 25. Qd4 Qxa2 26. Bh3 Qd5 27. Qxd5 cxd5 28. Ng5 Rf2+ 29. Ke3 Rxh2 30. Bg4 Rxb2 31. Nxh7 a5 32. Nf6 Bc6 0-1


[Site "https://www.chess.com"]

[Event "Titled Tuesday Blitz August 08 Early 2023"]
[White "Sabar Ethmane Daouda"]
[Black "Do Nascimento,Christian Almeida"]
[WhiteFideId "19600097"]
[BlackFideId "2143801"]
[WhiteElo "2203"]
[BlackElo "2569"]
[Result "0-1"]
[Round "1"]
[TimeControl "180+1"]
[Date "2023.08.08"]
[WhiteClock "0:00:00"]
[BlackClock "0:00:03"]
[Board "227"]

1. d4 Nf6 2. Nc3 e6 3. e4 d5 4. Bg5 dxe4 5. Nxe4 Be7 6. Bxf6 Bxf6 7. Nf3 b6 8. Bd3 Bb7 9. c3 Nd7 10. O-O O-O 11. Qc2 h6 12. Rad1 Qe7 13. Rfe1 Rfd8 14. Nxf6+ Qxf6 15. Ne5 Nxe5 16. dxe5 Qg5 17. Be4 Bxe4 18. Qxe4 c5 19. Rd6 Rab8 20. Red1 Qe7 21. Qd3 Rxd6 22. Qxd6 Qxd6 23. Rxd6 Rb7 24. Rd8+ Kh7 25. f4 Kg6 26. g4 f6 27. exf6 Kxf6 28. Kf2 g5 29. fxg5+ hxg5 30. Kg3 Ke7 31. Rh8 Kf6 32. Rf8+ Kg7 33. Re8 Kf6 34. h4 gxh4+ 35. Kxh4 Rh7+ 36. Kg3 Rh1 37. Rf8+ Kg5 38. Rg8+ Kf6 39. Ra8 Rh7 40. Kf4 Rf7 41. g5+ Kg6+ 42. Kg4 e5 43. Rg8+ Kh7 44. Re8 Rf2 45. Rxe5 Rxb2 46. Kf5 Rf2+ 47. Ke6 Rxa2 48. Kf6 Rf2+ 49. Ke7 Kg6 50. Kd6 Rf7 51. Kc6 Rg7 52. Kb5 Rf7 53. Ka6 c4 54. Rd5 Rf5 55. Rd6+ Kxg5 56. Kxa7 b5 57. Ka6 Kf4 58. Rb6 Ke4 0-1


[Site "https://www.chess.com"]

[Event "Titled Tuesday Blitz August 08 Early 2023"]
[White "Manukyan, Sargis A."]
[Black "Wong, Zhenyong Jayden"]
[WhiteFideId "13303970"]
[BlackFideId "5821975"]
[WhiteElo "2568"]
[BlackElo "2199"]
[Result "1-0"]
[Round "1"]
[TimeControl "180+1"]
[Date "2023.08.08"]
[WhiteClock "0:00:12"]
[BlackClock "0:00:01"]
[Board "228"]

1. d4 g6 2. c4 Bg7 3. Nc3 c5 4. e3 Nf6 5. Nf3 O-O 6. Be2 d5 7. cxd5 cxd4 8. Qxd4 Nxd5 9. Qd2 Nxc3 10. bxc3 b6 11. O-O Bb7 12. Rd1 Qc7 13. Bb2 Nc6 14. Nd4 Ne5 15. Qe1 Nc4 16. Bxc4 Qxc4 17. Ba3 Rfe8 18. Ne2 Qc6 19. f3 Qa4 20. Bb2 Rac8 21. e4 e6 22. Nd4 Red8 23. h4 a5 24. Qe2 Qc4 25. Qxc4 Rxc4 26. Nb5 Rxd1+ 27. Rxd1 Rc8 28. a4 Ba6 29. Rd6 Bxb5 30. axb5 Bxc3 31. Rc6 Bxb2 32. Rxc8+ Kg7 33. Ra8 Bf6 34. g3 Bd4+ 35. Kf1 Bc5 36. Ke2 Bd6 37. f4 h5 38. e5 Bc5 39. Kf3 Bg1 40. Rc8 Bd4 41. Rc4 Bg1 42. Rc2 Kf8 43. g4 hxg4+ 44. Kxg4 Be3 45. Rc7 Kg7 46. Rb7 Bc5 47. Ra7 Be3 48. Ra6 Kf8 49. h5 gxh5+ 50. Kxh5 Kg7 51. Kg4 Kg6 52. Ra8 Kg7 53. f5 Bd4 54. Kf4 Bc5 55. f6+ Kh7 56. Ra7 Kg6 57. Ke4 Bf2 58. Ra8 Bc5 59. Rg8+ Kh6 60. Rg7 a4 61. Rxf7 a3 62. Ra7 Kg6 63. Ra8 1-0


[Site "https://www.chess.com"]

[Event "Titled Tuesday Blitz August 08 Early 2023"]
[White "Luxama, Jacques Muller"]
[Black "Parpiev, Isaak"]
[WhiteFideId "11900113"]
[BlackFideId "34281576"]
[WhiteElo "2199"]
[BlackElo "2568"]
[Result "1-0"]
[Round "1"]
[TimeControl "180+1"]
[Date "2023.08.08"]
[WhiteClock "0:00:08"]
[BlackClock "0:00:00"]
[Board "229"]

1. e4 c6 2. d4 d5 3. e5 Bf5 4. g4 Be4 5. f3 Bg6 6. e6 fxe6 7. Nc3 Qd6 8. f4 h5 9. g5 Nd7 10. Nf3 Bf5 11. Bd3 g6 12. Nh4 Kf7 13. O-O Bg7 14. Be3 b5 15. Ne2 a6 16. Ng3 c5 17. c3 b4 18. Rc1 c4 19. Bxf5 exf5 20. b3 e6 21. Nf3 h4 22. Ne2 Ne7 23. Ne5+ Nxe5 24. dxe5 Qc6 25. cxb4 Qb7 26. Qd2 cxb3 27. axb3 d4 28. Nxd4 h3 29. Rf2 Rac8 30. Rc4 Nd5 31. Nc2 Rh4 32. Bc5 Rg4+ 33. Kf1 Ne7 34. Ne3 Qh1+ 35. Ke2 Rg1 36. Bxe7 Rxc4 37. bxc4 Kxe7 38. Qd6+ Kf7 39. Qd7+ Kg8 40. Qxe6+ Kh7 41. Qd5 Re1+ 42. Kd2 Qg1 43. Re2 Rxe2+ 44. Kxe2 Qxh2+ 45. Kd3 Qxf4 46. e6 h2 47. e7 Qe4+ 48. Qxe4 fxe4+ 49. Kd2 h1=Q 50. e8=Q Qh2+ 51. Kc1 Qg1+ 52. Nd1 Qd4 53. Qe6 a5 54. bxa5 Qa1+ 55. Kd2 Qxa5+ 56. Ke2 Qa2+ 57. Kf1 Qd2 58. Nf2 e3 59. Ng4 1-0


[Site "https://www.chess.com"]

[Event "Titled Tuesday Blitz August 08 Early 2023"]
[White "Souleidis, Georgios"]
[Black "EvgenyBurmakin"]
[WhiteFideId "4206827"]
[WhiteElo "2567"]
[BlackElo "2196"]
[Result "0-1"]
[Round "1"]
[TimeControl "180+1"]
[Date "2023.08.08"]
[WhiteClock "0:00:00"]
[BlackClock "0:00:15"]
[Board "230"]

1. e4 c5 2. Nf3 d6 3. Bc4 Nc6 4. O-O e6 5. Re1 a6 6. Bf1 Nf6 7. c3 Be7 8. d4 cxd4 9. cxd4 O-O 10. Nc3 Bd7 11. h3 Rc8 12. Bg5 h6 13. Be3 Qc7 14. Rc1 Qb8 15. d5 Ne5 16. Nd4 Rfe8 17. dxe6 fxe6 18. b3 b5 19. a3 Rxc3 20. Rxc3 Nxe4 21. Rc1 d5 22. b4 Nc4 23. Bxc4 bxc4 24. f3 Nf6 25. Bf2 Bd6 26. Rb1 e5 27. Ne2 d4 28. Ng3 c3 29. a4 Qc7 30. Qc2 Nd5 31. b5 axb5 32. axb5 Nb4 33. Rxb4 Bxb4 34. Qb3+ Kh8 35. Qxb4 d3 36. b6 Qc6 37. b7 Rb8 0-1


[Site "https://www.chess.com"]

[Event "Titled Tuesday Blitz August 08 Early 2023"]
[White "LionKing2367890"]
[Black "Borgaonkar Akshay"]
[BlackFideId "25639110"]
[WhiteElo "2194"]
[BlackElo "2567"]
[Result "0-1"]
[Round "1"]
[TimeControl "180+1"]
[Date "2023.08.08"]
[WhiteClock "0:01:42"]
[BlackClock "0:02:10"]
[Board "231"]

1. e4 c5 2. Nf3 e6 3. d4 cxd4 4. Nxd4 Nc6 5. c4 Qc7 6. Nc3 Nf6 7. Be3 Bb4 8. f3 a6 9. Be2 Ne5 10. Qb3 Bc5 11. O-O O-O 12. Kh1 d6 13. Qd1 Bd7 14. Rc1 Rac8 15. f4 Nc6 16. Qd2 Bb4 17. Bf3 Nxd4 18. Bxd4 Qxc4 19. a3 Bxc3 20. Rxc3 Qxf1+ 0-1


[Site "https://www.chess.com"]

[Event "Titled Tuesday Blitz August 08 Early 2023"]
[White "Ince, Taylan Ruzgar"]
[Black "Preobrazhenska_D2011"]
[WhiteFideId "44513089"]
[WhiteElo "2567"]
[BlackElo "2187"]
[Result "1-0"]
[Round "1"]
[TimeControl "180+1"]
[Date "2023.08.08"]
[WhiteClock "0:00:16"]
[BlackClock "0:00:00"]
[Board "232"]

1. e4 c5 2. Nf3 d6 3. Nc3 a6 4. g3 b5 5. Bg2 Bb7 6. d3 Nf6 7. O-O e6 8. a4 b4 9. Ne2 Be7 10. h3 h5 11. Bg5 Nbd7 12. c4 Qc7 13. Rc1 O-O-O 14. Nh4 Rdg8 15. f4 Bd8 16. Nf3 Nh7 17. Bxd8 Qxd8 18. Qe1 Qe7 19. e5 g5 20. exd6 Qxd6 21. Qf2 gxf4 22. Nxf4 Nhf6 23. Nh4 Bxg2 24. Qxg2 Kb8 25. Rcd1 e5 26. Ne2 Qc7 27. Rf5 Rg7 28. Rdf1 Qb6 29. a5 Qd6 30. Qf3 Rh6 31. Qe3 Rgh7 32. Qg5 Qe6 33. Qe3 Qd6 34. Qf3 Qe6 35. Qg2 Rg7 36. R5f2 Ne8 37. Nf5 Rhh7 38. Nxg7 Rxg7 39. Qe4 Nd6 40. Qf3 f5 41. Kh2 Nf6 42. Qe3 Re7 43. Qxc5 Rc7 44. Qxb4+ Rb7 45. Qc3 e4 46. Nf4 Qe7 47. d4 e3 48. Re2 Nfe4 49. Qxe3 Nxc4 50. Qf3 Ncd2 51. Qg2 Nxf1+ 52. Qxf1 Qd7 53. Qg1 Rb3 54. Re3 Rxb2+ 55. Ng2 Qg7 56. Rf3 f4 57. gxf4 Nd2 58. Rg3 Qc7 59. Qd1 h4 60. Rd3 Ne4 61. Rb3+ Rxb3 62. Qxb3+ Ka7 63. Qf3 Qc6 64. Qe3 Qc2 65. d5+ Kb7 66. Qb6+ Kc8 67. Qxa6+ Kd8 68. Qa8+ Ke7 69. Qb7+ Kf6 70. Qc6+ Qxc6 71. dxc6 Nd6 72. Nxh4 Ke7 73. Kg3 Kd8 74. Kg4 Kc7 75. Nf5 Nc4 76. Nd4 Nxa5 77. h4 Nc4 78. h5 Nd6 79. h6 Nf7 80. h7 Kd6 81. Kh5 Ke7 82. c7 Kd7 83. Kg6 Nh8+ 84. Kg7 Kxc7 85. Kxh8 Kd8 86. Kg7 Ke7 87. h8=Q 1-0


[Site "https://www.chess.com"]

[Event "Titled Tuesday Blitz August 08 Early 2023"]
[White "Lisjak, Zlatko"]
[Black "Pratama, Constantius Leonardo"]
[WhiteFideId "14502186"]
[BlackFideId "7104677"]
[WhiteElo "2174"]
[BlackElo "2567"]
[Result "1-0"]
[Round "1"]
[TimeControl "180+1"]
[Date "2023.08.08"]
[WhiteClock "0:00:45"]
[BlackClock "0:00:02"]
[Board "233"]

1. d4 Nf6 2. Nc3 e6 3. Bf4 d5 4. e3 Bd6 5. Qd2 O-O 6. O-O-O Bxf4 7. exf4 b6 8. Nf3 Ba6 9. Ne5 Nfd7 10. g4 Nxe5 11. fxe5 Bxf1 12. Rdxf1 f6 13. f4 fxe5 14. dxe5 Nd7 15. h4 Qe7 16. h5 c6 17. h6 g6 18. a3 b5 19. Ne2 c5 20. Ng3 a5 21. f5 Nxe5 22. Qf4 exf5 23. gxf5 Qf6 24. Qd2 d4 25. Ne4 Qc6 26. Qf4 Rae8 27. Qh4 d3 28. fxg6 Nxg6 29. Nf6+ Rxf6 30. Qxf6 Qxf6 31. Rxf6 c4 32. cxd3 cxd3 33. Kd2 Re2+ 34. Kxd3 Rxb2 35. Re1 Rb3+ 36. Kc2 Rf3 37. Re8+ Nf8 38. Rexf8# 1-0


[Site "https://www.chess.com"]

[Event "Titled Tuesday Blitz August 08 Early 2023"]
[White "Nozdrachev, Leonid"]
[Black "Araujo Filho, Luiz Antonio Coel"]
[WhiteFideId "24113433"]
[BlackFideId "2130661"]
[WhiteElo "2566"]
[BlackElo "2173"]
[Result "1-0"]
[Round "1"]
[TimeControl "180+1"]
[Date "2023.08.08"]
[WhiteClock "0:00:35"]
[BlackClock "0:00:02"]
[Board "234"]

1. e4 c6 2. Nc3 d5 3. Nf3 dxe4 4. Nxe4 Nf6 5. Qe2 Nxe4 6. Qxe4 Be6 7. d4 g6 8. Qe5 Rg8 9. Ng5 Bf5 10. Nxh7 Bg7 11. Qe2 Qxd4 12. c3 Qe4 13. Bg5 Nd7 14. Be3 Ne5 15. Ng5 Qc2 16. Qxc2 Bxc2 17. Be2 Bd3 18. Bd4 Bxe2 19. Kxe2 Nc4 20. Bxg7 Rxg7 21. h4 O-O-O 22. b3 Ne5 23. Rad1 Rxd1 24. Rxd1 e6 25. a4 Nd7 26. b4 Nf6 27. Ke3 Nd5+ 28. Kd4 Nf6 29. f3 Nh7 30. Ke5 Nxg5 31. hxg5 Rh7 32. Kf6 Kc7 33. g4 b6 34. c4 a6 35. f4 b5 36. cxb5 axb5 37. a5 c5 38. bxc5 Kc6 39. a6 Kxc5 40. a7 Rh8 41. Kxf7 Ra8 42. Rd7 b4 43. Kxg6 b3 44. Rb7 Kc4 45. f5 exf5 46. gxf5 Kc3 47. f6 b2 48. f7 Kc2 49. Rxb2+ Kxb2 50. Kf6 Kc3 51. g6 Kd4 52. g7 Kd5 53. g8=Q Rxg8 54. fxg8=Q+ 1-0


[Site "https://www.chess.com"]

[Event "Titled Tuesday Blitz August 08 Early 2023"]
[White "Mirzanurov, Bulat"]
[Black "Taboas Rodriguez, Daniel"]
[WhiteFideId "4184521"]
[BlackFideId "2208466"]
[WhiteElo "2170"]
[BlackElo "2566"]
[Result "0-1"]
[Round "1"]
[TimeControl "180+1"]
[Date "2023.08.08"]
[WhiteClock "0:01:37"]
[BlackClock "0:02:01"]
[Board "235"]

1. e4 e5 2. Nf3 Nc6 3. Bb5 Nf6 4. O-O Nxe4 5. Re1 Nd6 6. a4 Be7 7. Nc3 O-O 8. d4 e4 9. Nxe4 Nxe4 10. Rxe4 a6 11. Bf1 d5 12. Re1 Bg4 13. c3 Bd6 14. h3 Bh5 15. Be2 Re8 16. Bg5 Qd7 17. Qd2 Re6 18. Ne5 Nxe5 19. Bxh5 Nc4 20. Qc2 Rae8 21. Rxe6 Qxe6 22. Bg4 Qe1+ 0-1


[Site "https://www.chess.com"]

[Event "Titled Tuesday Blitz August 08 Early 2023"]
[White "Veiga, Jose Francisco R P Neves"]
[Black "cycygogne"]
[WhiteFideId "1930087"]
[WhiteElo "2563"]
[BlackElo "2170"]
[Result "1-0"]
[Round "1"]
[TimeControl "180+1"]
[Date "2023.08.08"]
[WhiteClock "0:00:53"]
[BlackClock "0:00:29"]
[Board "236"]

1. e4 d5 2. exd5 Qxd5 3. Nc3 Qd6 4. Bc4 Nf6 5. Nf3 e6 6. O-O a6 7. d4 Nc6 8. Bg5 Be7 9. Qd2 Bd7 10. a3 h6 11. Bf4 e5 12. Nxe5 Nxe5 13. Bxe5 Qc6 14. Bb3 O-O-O 15. Rfe1 Ng4 16. d5 Qb6 17. Bd4 Bc5 18. Rad1 Rhe8 19. Bxc5 Qxc5 20. h3 Ne5 21. Qf4 f6 22. Qg3 Nc4 23. Ne4 Qb5 24. Qc3 Ne5 25. Nd6+ Kb8 26. Nxb5 Bxb5 27. f4 1-0


[Site "https://www.chess.com"]

[Event "Titled Tuesday Blitz August 08 Early 2023"]
[White "Jodorcovsky Werjivker, Paulo"]
[Black "Thecourseoisildur"]
[WhiteFideId "3700305"]
[WhiteElo "2169"]
[BlackElo "2560"]
[Result "0-1"]
[Round "1"]
[TimeControl "180+1"]
[Date "2023.08.08"]
[WhiteClock "0:00:16"]
[BlackClock "0:00:20"]
[Board "237"]

1. d4 Nf6 2. c4 g6 3. Nc3 d5 4. Bf4 Bg7 5. e3 O-O 6. Nf3 dxc4 7. Bxc4 b6 8. O-O Bb7 9. Qe2 Nbd7 10. Rac1 a6 11. h3 b5 12. Bb3 c5 13. Rfd1 cxd4 14. exd4 Nb6 15. Ne5 Nbd5 16. Bh2 e6 17. Nb1 Rc8 18. a4 Qb6 19. axb5 axb5 20. Nc3 Nxc3 21. bxc3 Rfd8 22. Re1 Bd5 23. Qa2 Bxb3 24. Qxb3 Nd5 25. Red1 Qa5 26. c4 bxc4 27. Rxc4 Rxc4 28. Qxc4 Qc3 29. Qb5 Qc2 30. Rf1 Qf5 31. Bg3 Nf4 32. Bxf4 Qxf4 33. Qb6 Rf8 34. Re1 Qd2 35. Nf3 Qc3 36. Qc5 Qb3 37. Rc1 h6 38. Ne5 Qb2 39. Nd7 Rd8 40. Qc7 Rxd7 41. Qc8+ Bf8 42. Rc2 Qxd4 43. Kh2 Qd6+ 44. g3 Qd1 45. Rc1 Qd2 46. Rc2 Qd5 47. Qa6 h5 48. Qe2 h4 49. Rc4 hxg3+ 50. Kxg3 Bd6+ 51. f4 Qf5 52. Re4 Ra7 53. Qf3 Ra3 54. Re3 Qxf4+ 55. Qxf4 Rxe3+ 56. Kg4 Bxf4 57. Kxf4 Rxh3 58. Kg4 Rh5 0-1


[Site "https://www.chess.com"]

[Event "Titled Tuesday Blitz August 08 Early 2023"]
[White "Ingebretsen, Jens E"]
[Black "Baruch, Liam"]
[WhiteFideId "1522965"]
[BlackFideId "14322064"]
[WhiteElo "2559"]
[BlackElo "2169"]
[Result "1-0"]
[Round "1"]
[TimeControl "180+1"]
[Date "2023.08.08"]
[WhiteClock "0:01:37"]
[BlackClock "0:01:12"]
[Board "238"]

1. Nf3 d5 2. g3 e6 3. Bg2 Nf6 4. O-O Be7 5. c4 O-O 6. d4 dxc4 7. Qc2 a6 8. a4 Bd7 9. Qxc4 Bc6 10. Bf4 Nd5 11. Nc3 Nxf4 12. gxf4 Bd6 13. e3 Qf6 14. Kh1 Qh6 15. Rg1 Qh5 16. Ne5 Bxg2+ 17. Rxg2 Bxe5 18. dxe5 Nc6 19. Rag1 g6 20. Ne4 Qf3 21. Ng5 Qh5 22. Rg3 Na5 23. Qf1 Qh6 24. Rh3 Qg7 25. Rxh7 Qxh7 26. Nxh7 Kxh7 27. Qh3+ Kg8 28. Qh6 Rad8 29. h4 Nc6 30. h5 Ne7 31. Qg5 Rd7 32. h6 Nf5 33. e4 f6 34. Qxg6+ Kh8 35. exf5 fxe5 36. Qg7+ Rxg7 37. hxg7+ Kg8 38. gxf8=Q+ Kxf8 1-0


[Site "https://www.chess.com"]

[Event "Titled Tuesday Blitz August 08 Early 2023"]
[White "Grigoryan, Meri"]
[Black "Camilla_Lee"]
[WhiteFideId "13300571"]
[WhiteElo "2164"]
[BlackElo "2558"]
[Result "1-0"]
[Round "1"]
[TimeControl "180+1"]
[Date "2023.08.08"]
[WhiteClock "0:00:31"]
[BlackClock "0:01:32"]
[Board "239"]

1. d4 d5 2. Nf3 Nf6 3. Bf4 Bf5 4. e3 e6 5. Bd3 Ne4 6. O-O Nd7 7. Ne5 Nxe5 8. Bxe5 f6 9. Bg3 Nxg3 10. fxg3 Bxd3 11. Qxd3 f5 12. Nd2 c6 13. c3 Bd6 14. Nf3 O-O 15. b3 Qe7 16. Rae1 e5 17. dxe5 Bxe5 18. Nxe5 Qxe5 19. Qd4 Qe6 20. Rf4 g6 21. c4 dxc4 22. Qxc4 Qxc4 23. Rxc4 Rad8 24. Re2 Rd1+ 25. Kf2 Rfd8 26. e4 fxe4 27. Rcxe4 R8d2 28. Re8+ Kf7 29. Re7+ Kf6 30. Rxb7 a5 31. Ra7 Rd5 32. Rae7 h5 33. R7e6+ Kf5 34. Rxc6 Rh1 35. h4 a4 36. Rc4 axb3 37. Rf4# 1-0


[Site "https://www.chess.com"]

[Event "Titled Tuesday Blitz August 08 Early 2023"]
[White "Czerw, Dawid"]
[Black "Tarnowska, Aleksandra"]
[WhiteFideId "1145746"]
[BlackFideId "1180967"]
[WhiteElo "2558"]
[BlackElo "2163"]
[Result "1-0"]
[Round "1"]
[TimeControl "180+1"]
[Date "2023.08.08"]
[WhiteClock "0:00:35"]
[BlackClock "0:00:00"]
[Board "240"]

1. e4 c5 2. Nf3 e6 3. d4 cxd4 4. Nxd4 a6 5. a4 b6 6. Nc3 Bb7 7. Be3 Qc7 8. Be2 Bb4 9. O-O Bxc3 10. bxc3 Bxe4 11. Rb1 d6 12. Bf3 Nf6 13. Bxe4 Nxe4 14. Qg4 Nxc3 15. Qxg7 Rf8 16. Nxe6 Qe7 17. Nxf8 Nxb1 18. Nxh7 Na3 19. Bg5 Qe6 20. Qh8+ Kd7 21. Nf8+ 1-0


[Site "https://www.chess.com"]

[Event "Titled Tuesday Blitz August 08 Early 2023"]
[White "Aung Thant Zin"]
[Black "Belov, Alexei"]
[WhiteFideId "13000063"]
[BlackFideId "4128206"]
[WhiteElo "2160"]
[BlackElo "2558"]
[Result "0-1"]
[Round "1"]
[TimeControl "180+1"]
[Date "2023.08.08"]
[WhiteClock "0:00:37"]
[BlackClock "0:01:18"]
[Board "241"]

1. e4 e6 2. d4 d5 3. Nc3 Nf6 4. Bg5 dxe4 5. Nxe4 Be7 6. Bxf6 Bxf6 7. Nf3 O-O 8. c3 Nd7 9. Bd3 e5 10. Nxf6+ Qxf6 11. O-O exd4 12. Nxd4 Ne5 13. Be2 c5 14. Nf3 Ng6 15. g3 Bg4 16. Nd2 Bh3 17. Re1 Rad8 18. Qc1 Ne5 19. f4 Nd3 20. Bxd3 Rxd3 21. Ne4 Qc6 22. Qc2 Rfd8 23. Ng5 Bf5 24. Qf2 h6 25. Nf3 Rxf3 0-1


[Site "https://www.chess.com"]

[Event "Titled Tuesday Blitz August 08 Early 2023"]
[White "Girsh, Daniel"]
[Black "Floresvillar Gonzalez, Luis Migu"]
[WhiteFideId "30949190"]
[BlackFideId "5100542"]
[WhiteElo "2557"]
[BlackElo "2154"]
[Result "1-0"]
[Round "1"]
[TimeControl "180+1"]
[Date "2023.08.08"]
[WhiteClock "0:01:40"]
[BlackClock "0:00:00"]
[Board "242"]

1. e4 d6 2. d4 Nf6 3. Nc3 g6 4. Nge2 Nc6 5. g3 e5 6. d5 Ne7 7. Bg2 Nd7 8. O-O f5 9. exf5 gxf5 10. f4 e4 11. Nd4 Nf6 12. Be3 Bg7 13. Ne6 Bxe6 14. dxe6 c6 15. Qd2 O-O 16. Rad1 d5 17. Bc5 Re8 18. Ne2 Ng6 19. Nd4 Qc8 20. Nxf5 Qxe6 21. Nxg7 Kxg7 22. f5 Qd7 23. fxg6 hxg6 24. Qg5 Nh7 25. Bd4+ 1-0


[Site "https://www.chess.com"]

[Event "Titled Tuesday Blitz August 08 Early 2023"]
[White "Butti, Enrique"]
[Black "SmirnovAlexandrA"]
[WhiteFideId "3700470"]
[WhiteElo "2153"]
[BlackElo "2557"]
[Result "0-1"]
[Round "1"]
[TimeControl "180+1"]
[Date "2023.08.08"]
[WhiteClock "0:00:55"]
[BlackClock "0:01:36"]
[Board "243"]

1. d4 Nf6 2. c4 g6 3. Nc3 Bg7 4. e4 O-O 5. Be2 d6 6. Nf3 c5 7. d5 e6 8. O-O exd5 9. cxd5 Re8 10. Nd2 a6 11. a4 Nbd7 12. Re1 Rb8 13. Bf1 Ne5 14. f4 Neg4 15. h3 c4 16. Nxc4 b5 17. axb5 axb5 18. Ne3 Nxe3 19. Bxe3 b4 20. Nb5 Nxe4 21. Qb3 Qh4 22. Qxb4 Bh6 23. Qa3 Bxf4 24. Bxf4 Qxf4 25. Qf3 Qe5 26. Nxd6 Qd4+ 27. Kh2 Nxd6 0-1


[Site "https://www.chess.com"]

[Event "Titled Tuesday Blitz August 08 Early 2023"]
[White "Santos Flores, Alberto"]
[Black "Kuchava, Ana"]
[WhiteFideId "3601234"]
[BlackFideId "13605348"]
[WhiteElo "2556"]
[BlackElo "2152"]
[Result "1-0"]
[Round "1"]
[TimeControl "180+1"]
[Date "2023.08.08"]
[WhiteClock "0:00:37"]
[BlackClock "0:00:07"]
[Board "244"]

1. e4 c5 2. Nf3 d6 3. Bb5+ Bd7 4. Bxd7+ Qxd7 5. c4 Nc6 6. d4 cxd4 7. Nxd4 Nf6 8. Nc3 g6 9. f3 Bg7 10. Be3 O-O 11. Rc1 Rac8 12. b3 a6 13. O-O h6 14. Qd2 Kh7 15. h3 Nh5 16. Nd5 Qd8 17. a4 Ng3 18. Rfd1 Nxd4 19. Bxd4 Bxd4+ 20. Kh2 Be5 21. f4 Nxe4 22. Qe3 Bb2 23. Rc2 e6 24. Nb6 Rc6 25. Rxb2 Qxb6 26. Qxe4 Rd8 27. Rd3 Qb4 28. Rbd2 h5 29. Qd4 a5 30. g4 h4 31. Qf6 Rd7 32. Qxh4+ Kg7 33. Qf2 d5 34. f5 Qd6+ 35. Kh1 exf5 36. gxf5 Qf6 37. Rxd5 Rxd5 38. Rxd5 Rb6 39. Rb5 Rxb5 40. axb5 gxf5 41. Kh2 Qe5+ 42. Qg3+ Qxg3+ 43. Kxg3 b6 44. c5 bxc5 45. b6 c4 46. bxc4 a4 47. b7 a3 48. b8=Q a2 49. Qb2+ Kg6 50. Qxa2 1-0


[Site "https://www.chess.com"]

[Event "Titled Tuesday Blitz August 08 Early 2023"]
[White "Feliz Dotel, Dewar Bienvenido"]
[Black "FoxOnTheRun97"]
[WhiteFideId "6402801"]
[WhiteElo "2145"]
[BlackElo "2555"]
[Result "0-1"]
[Round "1"]
[TimeControl "180+1"]
[Date "2023.08.08"]
[WhiteClock "0:00:07"]
[BlackClock "0:00:34"]
[Board "245"]

1. d4 Nf6 2. e3 d5 3. Nf3 Bf5 4. Bd3 Bg6 5. c4 c6 6. O-O e6 7. b3 Bd6 8. Nc3 Nbd7 9. Bb2 Qe7 10. Re1 Ba3 11. Bxa3 Qxa3 12. e4 dxc4 13. Bxc4 O-O 14. d5 exd5 15. exd5 Nb6 16. dxc6 bxc6 17. Bf1 Rad8 18. Qc1 Qa5 19. Ne5 Rd6 20. Nxg6 hxg6 21. Ne4 Nxe4 22. Rxe4 Qf5 23. Rf4 Qe5 24. h3 Rfd8 25. Rf3 Nd5 26. Rb1 g5 27. Bc4 Nf4 28. Re3 Qf5 29. Qe1 Rf6 30. Re8+ Rxe8 31. Qxe8+ Kh7 32. Qe3 Qxb1+ 33. Kh2 Qf5 34. g3 Ng6 35. Bd3 Qxf2+ 36. Qxf2 Rxf2+ 37. Kg1 Rxa2 38. h4 Kh6 0-1


[Site "https://www.chess.com"]

[Event "Titled Tuesday Blitz August 08 Early 2023"]
[White "Al-Tarboush, Ward"]
[Black "Putri, Regita Desyari"]
[WhiteFideId "7601450"]
[BlackFideId "7109083"]
[WhiteElo "2555"]
[BlackElo "2145"]
[Result "1-0"]
[Round "1"]
[TimeControl "180+1"]
[Date "2023.08.08"]
[WhiteClock "0:01:12"]
[BlackClock "0:00:00"]
[Board "246"]

1. e4 e5 2. Nf3 Nc6 3. Bb5 a6 4. Ba4 Nf6 5. O-O Be7 6. d3 b5 7. Bb3 d6 8. a3 O-O 9. Nc3 Bg4 10. Be3 h6 11. h3 Be6 12. Nd5 Na5 13. Nxf6+ Bxf6 14. Bxe6 fxe6 15. b4 Nc6 16. c3 d5 17. Qb3 Kh8 18. Rad1 Qd7 19. Rfe1 Rad8 20. Bc5 Rfe8 21. a4 Rb8 22. axb5 Rxb5 23. c4 Rb7 24. exd5 exd5 25. cxd5 Nxb4 26. Bxb4 a5 27. d4 e4 28. Ne5 Bxe5 29. dxe5 Rxb4 30. Qg3 a4 31. e6 Qd6 32. Qg6 Re7 33. Rxe4 Rb5 34. Rf4 Rb8 35. Rxa4 c6 36. Rad4 cxd5 37. Rxd5 Qxe6 38. Rd8+ Re8 39. Qxe6 Rbxd8 40. Rxd8 Rxd8 41. g4 Rf8 42. Kg2 Rf6 43. Qe8+ Kh7 44. Kg3 Rd6 45. Qe4+ 1-0


[Site "https://www.chess.com"]

[Event "Titled Tuesday Blitz August 08 Early 2023"]
[White "Falbo, Sandro"]
[Black "Guliev, Logman"]
[WhiteFideId "810444"]
[BlackFideId "13400061"]
[WhiteElo "2140"]
[BlackElo "2554"]
[Result "1-0"]
[Round "1"]
[TimeControl "180+1"]
[Date "2023.08.08"]
[WhiteClock "0:01:21"]
[BlackClock "0:01:00"]
[Board "247"]

1. c4 e6 2. Nf3 d5 3. e3 Nf6 4. b3 Be7 5. Bb2 O-O 6. Be2 c5 7. O-O Nc6 8. d4 cxd4 9. Nxd4 Nxd4 10. Qxd4 Bd7 11. Nc3 Bc6 12. cxd5 exd5 13. Bf3 Rc8 14. Rfd1 Re8 15. Bxd5 Bxd5 16. Nxd5 Qxd5 17. Qxd5 Nxd5 18. Rxd5 Rc2 19. Bd4 Rec8 20. g3 a5 21. Rd7 R8c7 22. Rxc7 Rxc7 23. Bb6 Rc2 24. Bxa5 Bf6 25. Rd1 Rxa2 26. Bc3 Be7 27. Rd7 Bf8 28. Rxb7 f6 29. b4 Rc2 30. Bd4 h5 31. h4 Bd6 32. b5 g5 33. Bxf6 gxh4 34. Bxh4 Kf8 35. Bf6 Bb4 36. Bd4 Be1 37. e4 Rc4 38. Be3 Rxe4 39. b6 Rb4 40. Rh7 Bc3 41. b7 Bg7 42. Bc5+ Kg8 43. Rxg7+ Kxg7 44. Bxb4 1-0


[Site "https://www.chess.com"]

[Event "Titled Tuesday Blitz August 08 Early 2023"]
[White "Olivares Olivares, Claudio"]
[Black "Novita, Anjas"]
[WhiteFideId "3400786"]
[BlackFideId "7100949"]
[WhiteElo "2553"]
[BlackElo "2127"]
[Result "1-0"]
[Round "1"]
[TimeControl "180+1"]
[Date "2023.08.08"]
[WhiteClock "0:01:36"]
[BlackClock "0:00:00"]
[Board "248"]

1. e4 d5 2. exd5 Nf6 3. Nf3 Bg4 4. h3 Bh5 5. Bb5+ Nbd7 6. Nc3 a6 7. Be2 Nb6 8. d4 Nbxd5 9. O-O e6 10. Nxd5 exd5 11. Re1 Be7 12. Bf4 O-O 13. Ne5 Bxe2 14. Qxe2 Re8 15. c4 c6 16. Rad1 dxc4 17. Qxc4 Nd5 18. Bg3 Bd6 19. Qb3 Rb8 20. Qf3 Qc7 21. Nc4 Bxg3 22. fxg3 Re7 23. Re5 Rbe8 24. Rde1 f6 25. R5e4 h6 26. Kh2 Rxe4 27. Rxe4 Rxe4 28. Qxe4 Qe7 29. Qf5 Nb4 30. a3 Nd5 31. Na5 Kf7 32. Qc8 Ne3 33. Qxb7 Qxb7 34. Nxb7 Nc2 35. Nc5 Nxd4 36. Nxa6 Ke6 37. Nb4 c5 38. Nd3 Kd5 39. Nf4+ Kc4 40. a4 Kb3 41. a5 Kxb2 42. Nd3+ 1-0


[Site "https://www.chess.com"]